Match 42237505
Unlisted
Match 42237505
End
Construct Weapon Support Center
Selects Airborne Battlegroup
M1919 Machine Gun Team
Bazooka Squad
M1919 Machine Gun Team
Bazooka Squad
Air Support Center
Bazooka Squad
Double Sortie
Grasshopper Recon Run
P-47 Dive Bomb
M3 Armored Personnel Carrier
P-47 Strafing Run
Bazooka Squad
M3 Armored Personnel Carrier
P-47 Dive Bomb
Grasshopper Recon Run
Selects Smoke Bombing Run
Selects Supply Drop
Supply Drop
M3 Armored Personnel Carrier
P-47 Strafing Run
Grasshopper Recon Run
P-47 Dive Bomb
Selects Carpet Bombing Run
Engineer Squad
P-47 Strafing Run
P-47 Dive Bomb
Supply Drop
Grasshopper Recon Run
Construct Motor Pool
M8 Greyhound Armored Car
Scout Squad
P-47 Strafing Run
P-47 Dive Bomb
Grasshopper Recon Run
Supply Drop
Improved Aircraft Armor
.30 cal Machine Gun
P-47 Strafing Run
Selects Pathfinders
Selects Paratrooper Squad Paradrop
P-47 Dive Bomb
Grasshopper Recon Run
P-47 Strafing Run
Supply Drop
Selects Anti-tank Gun Team Paradrop
Anti-tank Gun Team Paradrop
Grasshopper Recon Run
P-47 Dive Bomb
.30 cal Machine Gun
M1919 Machine Gun Team
Supply Drop
P-47 Dive Bomb
P-47 Strafing Run
Anti-tank Gun Team Paradrop
Grasshopper Recon Run
M3 Armored Personnel Carrier
P-47 Strafing Run
Construct Tank Depot
Grasshopper Recon Run
M18 Hellcat Tank Destroyer
P-47 Strafing Run
P-47 Dive Bomb
Grasshopper Recon Run
M3 Armored Personnel Carrier
Air Supremacy
Anti-tank Gun Team Paradrop
Grasshopper Recon Run
P-47 Strafing Run
P-47 Dive Bomb
M3 Armored Personnel Carrier
Grasshopper Recon Run
Supply Drop
Engineer Squad
P-47 Dive Bomb
Grasshopper Recon Run
P-47 Strafing Run
M18 Hellcat Tank Destroyer
Supply Drop
Grasshopper Recon Run
Carpet Bombing Run
P-47 Strafing Run
Grasshopper Recon Run
Supply Drop
Smoke Bombing Run
P-47 Dive Bomb
M18 Hellcat Tank Destroyer
Supply Drop
M18 Hellcat Tank Destroyer
Grasshopper Recon Run
Carpet Bombing Run
Supply Drop
P-47 Strafing Run
Grasshopper Recon Run
M18 Hellcat Tank Destroyer
P-47 Dive Bomb
P-47 Strafing Run
Grasshopper Recon Run
Smoke Bombing Run
Supply Drop
Grasshopper Recon Run
P-47 Strafing Run
rain
BUBBA_ACTUAL
n1ck123
사촌간볼빨기
Mustache and Melons
dedezhu
0
0
Comments sign in to comment!
No comments posted yet!